 Dungeon Crawl Stone Soup version 0.29-a0-23-ga79f92ac9c (webtiles) character file.

Game seed: 8500461059606541919

1479 frimble the Frost Mage (level 8, -2/52 HPs)
             Began as a Demonspawn Ice Elementalist on Jan 31, 2022.
             Slain by an orc knight (20 damage)
             ... in a bailey.
             The game lasted 00:08:47 (6753 turns).

frimble the Frost Mage (DsIE)                       Turns: 6753, Time: 00:08:48

Health: -2/52      AC:  6    Str:  9    XL:     8   Next: 50%
Magic:  11/11      EV: 12    Int: 20    God:
Gold:   310        SH:  0    Dex: 16    Spells: 3/11 levels left

rFire   . . .      SeeInvis .   j - +7 dagger of the Valley {spect, rPois rC+ Str-5 Dex+3}
rCold   + . .      Faith    .   (no shield)
rNeg    . . .      Spirit   .   a - +0 robe
rPois   +          Reflect  .   k - +1 helmet
rElec   .          Harm     .   (no cloak)
rCorr   .          Rampage  .   (no gloves)
Will    .....                   (no boots)
Stlth   ++........              (no amulet)
HPRegen 0.17/turn               h - ring of poison resistance
MPRegen 0.12/turn               b - +6 ring of strength

@: no status effects
A: slimy green scales 1, powered by pain 1, weakness stinger 1
a: no special abilities


You were in a bailey.
You visited 1 branch of the dungeon, and saw 7 of its levels.
You also visited: Bailey.

You collected 429 gold pieces.
You spent 119 gold pieces at shops.

Inventory:

Hand Weapons
 d - a +2 dagger of electrocution
 j - the +7 dagger of the Valley (weapon) {spect, rPois rC+ Str-5 Dex+3}
   (You bought it in a shop on level 3 of the Dungeon)

   When its wielder attacks, the weapon's spirit leaps out and strikes again.
   The spirit shares a part of any damage it takes with its wielder.
   Str:       It affects your strength (-5).
   Dex:       It affects your dexterity (+3).
   rC:        It protects you from cold.
   rPois:     It protects you from poison.
Armour
 a - a +0 robe (worn)
 k - a +1 helmet (worn)
Jewellery
 b - a +6 ring of strength (right hand)
 h - a ring of poison resistance (left hand)
Scrolls
 e - 2 scrolls of teleportation
 f - 2 scrolls of fog
Potions
 c - 2 potions of might {unknown}
 g - 4 potions of curing {unknown}


   Skills:
 + Level 6.1 Short Blades
 - Level 1.9 Dodging
 - Level 1.9 Stealth
 - Level 2.1 Spellcasting
 + Level 8.2 Ice Magic


You had 3 spell levels left.
You knew the following spells:

 Your Spells              Type           Power      Damage    Failure   Level
a - Freeze                Ice            100%       1d11      1%          1
b - Ozocubu's Armour      Ice            35%        N/A       1%          3
c - Frozen Ramparts       Ice            70%        1d9       1%          3
d - Apportation           Tloc           4%         N/A       16%         1

Your spell library contained the following spells:

 Spells                   Type           Power      Damage    Failure   Level
 Hailstorm                Conj/Ice       18%        3d6       28%         4
 Alistair's Intoxication  Tmut/Pois      1%         N/A       99%         5


Dungeon Overview and Level Annotations

Branches:
Dungeon (7/15)             Bailey (1/1)
 Temple: D:4-7

Altars:
Fedhas
Kikubaaqudgha
Ru
Yredelemnul

Shops:
D:3 (


Innate Abilities, Weirdness & Mutations

You are partially covered in slimy green scales. (AC +2)
You sometimes gain a little power by taking damage.
You have a small tail.


Message History

Things that are here:
a +0 trident; an orc corpse
Things that are here:
a +0 halberd; a +0 scale mail; an orc corpse You close the door, pushing everything out of the way.
An orc opens the door.
It is wielding a +0 hand axe.
An orc is nearby!
The orc shouts!
The orc misses you.
There is an open door, spattered with blood here.
You hit the orc.
Your tail-slap misses the orc.
The orc is severely wounded.
Your +7 dagger of the Valley {spect, rPois rC+ Str-5 Dex+3} hits the orc.
You kill the orc!
No target in view!
Things that are here:
a +0 hand axe; an orc corpse
Okay, then.
Okay, then.
You aren't carrying any items that you can evoke.
Okay, then.
Unknown command.
Casting: Ozocubu's Armour (safe; 1% risk of failure)
Confirm with . or Enter, or press ? or * to list all spells.
Okay, then.
Unknown command.
The orc knight hits you with a +0 halberd!!
Ouch! That really hurt!
There is an open door, spattered with blood here.
Items here: ))) [ ÷÷÷.
Casting: Ozocubu's Armour (safe; 1% risk of failure)
Confirm with . or Enter, or press ? or * to list all spells.
Okay, then.
Okay, then.
Unknown command.
Okay, then.
The orc knight hits you from afar with a +0 halberd!
You see here a +0 war axe.
The orc knight hits you from afar with a +0 halberd!!
You die...

# ####### ######## ..
########.....## ##......)
...#.....#....@..######.....#).
#..'.!!..'...##.)#...†#)...###)
o..'.!!..'....8o))...)'.)...8..
#..'...).))..##.)#....#....###.
...#.....#.......######.....#..
########.....## ##.......
####### ########


You could see an orc knight.

Vanquished Creatures
  5 orc warriors
  A black bear (D:5)
  An ogre (D:4)
  A centaur (D:5)
  A phantom (D:5)
  A kobold brigand (D:6)
  A scorpion (D:5)
  A water moccasin skeleton (D:6)
  A bullfrog zombie (D:6)
  2 hounds
  3 orc priests (D:6)
  A centaur skeleton (D:6)
  2 orc wizards (D:5)
  2 iguanas
  A hound zombie (D:5)
  7 adders
  A white imp (D:5)
  2 worms (D:3)
  2 dart slugs
  31 orcs
  6 ball pythons
  9 endoplasms
  A giant cockroach (D:4)
  3 goblins
  5 hobgoblins
  2 quokkas (D:1)
  5 bats
  6 frilled lizards
  8 kobolds
  4 rats
116 creatures vanquished.

Notes
Turn   | Place    | Note
-------+----------+-------------------------------------------
     0 | D:1      | frimble the Demonspawn Ice Elementalist began the quest for
                  | the Orb.
     0 | D:1      | Reached XP level 1. HP: 13/13 MP: 3/3
   184 | D:1      | Gained mutation: You have a small tail. [demonic ancestry]
   184 | D:1      | Reached XP level 2. HP: 7/19 MP: 0/5
   779 | D:1      | Reached skill level 4 in Ice Magic
  1368 | D:2      | Reached XP level 3. HP: 22/24 MP: 1/6
  1372 | D:2      | Learned a level 3 spell: Ozocubu's Armour
  1837 | D:2      | Found a basalt altar of Yredelemnul.
  2523 | D:3      | Found a faded altar of an unknown god.
  3110 | D:3      | Found a blossoming altar of Fedhas.
  3135 | D:3      | You fall into a shaft and drop 1 floor!
  3235 | D:4      | Reached XP level 4. HP: 21/30 MP: 2/7
  3346 | D:4      | Reached skill level 5 in Ice Magic
  3803 | D:3      | Found Uqerahi's Antique Weapon Shoppe.
  3850 | D:3      | Bought a polished dagger for 119 gold pieces
  3850 | D:3      | Identified the +7 dagger of the Valley {spect, rPois rC+
                  | Str-5 Dex+3} (You bought it in a shop on level 3 of the
                  | Dungeon)
  4098 | D:4      | Reached skill level 1 in Short Blades
  4249 | D:4      | Gained mutation: You sometimes gain a little power by
                  | taking damage. [demonic ancestry]
  4249 | D:4      | Reached XP level 5. HP: 35/35 MP: 8/8
  4308 | D:4      | Noticed an ogre
  4315 | D:4      | Killed an ogre
  4729 | D:5      | Entered Level 5 of the Dungeon
  4780 | D:5      | Gained mutation: You are partially covered in slimy green
                  | scales. (AC +2) [demonic ancestry]
  4780 | D:5      | Reached XP level 6. HP: 29/41 MP: 5/9
  4783 | D:5      | Reached skill level 6 in Ice Magic
  5086 | D:5      | Reached XP level 7. HP: 26/46 MP: 6/10
  5294 | D:5      | Found an ancient bone altar of Kikubaaqudgha.
  5295 | D:5      | Found a sacrificial altar of Ru.
  5659 | D:6      | Reached skill level 7 in Ice Magic
  5876 | D:6      | Reached skill level 5 in Short Blades
  5876 | D:6      | Reached XP level 8. HP: 26/52 MP: 7/11
  6122 | D:7      | Learned a level 3 spell: Frozen Ramparts
  6124 | D:7      | Learned a level 1 spell: Apportation
  6146 | D:7      | Found a flagged portal.
  6153 | Bailey   | Entered a bailey
  6433 | Bailey   | Reached skill level 8 in Ice Magic
  6604 | Bailey   | Noticed an orc knight
  6753 | Bailey   | Slain by an orc knight

Illustrated notes

Levels and vault maps discovered:
D:1:      lightli_arrival_maybe_door_vault, layout_basic, minmay_pentomino_r4
D:2:      layout_basic, basic_altar
D:3:      layout_basic, fedhas_altar_2, serial_shops,
          nicolae_shop_window_shopping, dreamdust_ecumenical_altar_statues,
          minmay_misc_feat_x, minmay_misc_feat_alley, kennysheep_generic_room_12
D:4:      layout_cave_pools, moated_statue
D:5:      layout_rooms, grunt_temple_overflow_open
D:6:      layout_basic, temple_green, nicolae_shop_fire_sale
          [nicolae_sub_dead_trees]
D:7:      layout_gridville, mainiacjoe_overflow_alcove_2, enter_bailey_1,
          chequers_serial_rivers_small_a
Bailey:   bailey_polearm_5, bailey

Skill      XL: |  1  2  3  4  5  6  7  8 |
---------------+-------------------------+-----
Ice Magic      | 4 5 6 7 8 |  8.2
Short Blades   | 1 2 3 5 6 |  6.1
Dodging        | |  1.9
Stealth        | |  1.9
Spellcasting   | |  2.1

Action                   |  1- 3 |  4- 6 |  7- 9 || total
-------------------------+-------+-------+-------++-------
Melee: Unarmed           |   113 |    16 |       ||   129
       Tailslap          |    11 |     6 |    14 ||    31
       Punch             |     2 |     1 |     3 ||     6
       Dagger            |       |    44 |    95 ||   139
 Cast: Freeze            |    45 |    14 |       ||    59
       Ozocubu's Armour  |       |     5 |     9 ||    14
       Frozen Ramparts   |       |       |     1 ||     1
  Use: Scroll            |       |     4 |     2 ||     6
 Stab: Sleeping          |     6 |     1 |     1 ||     8
       Distracted        |       |       |     1 ||     1
Armor: Robe              |    24 |    18 |    30 ||    72
Dodge: Dodged            |    89 |    44 |    55 ||   188

Table legend: (Time is in decaauts)
 A = Elapsed time spent in this place.
 B = Non-inter-level travel time spent in this place.
 C = Inter-level travel time spent in this place.
 D = Time resting spent in this place.
 E = Time spent auto-exploring this place.
 F = Levels seen in this place.
 G = Mean time per level.
                   A        B        C        D        E       F      G
               +--------+--------+--------+--------+--------+-----+--------+
         Total |   6725 |   6473 |    252 |    475 |   5102 |   8 |  840.6 |
       Dungeon |   6132 |   5880 |    252 |    232 |   4882 |   7 |  876.0 |
        Bailey |    593 |    593 |      0 |    243 |    220 |   1 |  593.0 |
               +--------+--------+--------+--------+--------+-----+--------+

Top non-repeatable levels by time:
     D:3: 1537 daAuts
     D:2: 1197 daAuts
     D:1: 1035 daAuts
     D:4: 988 daAuts
     D:5: 858 daAuts
  Bailey: 593 daAuts
     D:6: 465 daAuts
     D:7: 49 daAuts
